ST.LOUIS vs SAN JOSE

Created - May-13-21 at 18:12

Goals
1 2 3 T
ST.LOUIS 1 2 0 3
SAN JOSE 1 1 2 4
Shots
1 2 3 T
ST.LOUIS 14 6 14 34
SAN JOSE 18 5 3 26

1st period

1. SAN JOSE , Chris Kreider 21 (Brandon Montour 27, Cam Atkinson 14) at 5:21
2. ST.LOUIS , Ryan Johansen 14 (Jaden Schwartz 23, Brenden Dillon 27) at 18:11 (PP)

Penalties :
Brayden McNabb (STL) for Hooking (Minor) at 0:20, Alexander Kerfoot (SJ ) for Holding (Minor) at 5:46, Stefan Noesen (SJ ) for Unsportsmanlike conduct (Minor) at 12:17, Jesper Fast (SJ ) for Goalie Interference (Minor) at 16:25

2nd period

3. SAN JOSE , Cam Atkinson 14 (Niklas Hjalmarsson 12, Ryan Murray 22) at 1:38 (PP)
4. ST.LOUIS , James Neal 9 (Darnell Nurse 34) at 2:30
5. ST.LOUIS , Ryan Johansen 15 (Neal Pionk 8, Adam Fox 22) at 7:03

Penalties :
Johnny Gaudreau (STL) for Hooking (Minor) at 0:29

3rd period

6. SAN JOSE , Kevin Hayes 22 (Cam Atkinson 15, Cody Ceci 24) at 12:08
7. SAN JOSE , Cam Atkinson 15 (Ryan Murray 23, Kevin Hayes 35) at 13:23 (PP)

Penalties :
Brayden McNabb (STL) for Hooking (Minor) at 12:17

Goalie Stats

Semyon Varlamov (STL), 22 saves from 26 shots - (0.846), L, 26-24-5, 59:00 minutes
Jake Allen (SJ ), 31 saves from 34 shots - (0.912), W, 32-32-4, 60:00 minutes

Players Stats for ST.LOUIS

Player Name              G  A  P  +/- PIM S  H  SB GA TA FO     MP     PP MP  PK MP  
------------------------------------------------------------------------------------
Adam Fox                 0  1  1   0  0   1  1  1  0  0  0/0    17:41   0:00   1:16 
Andy Greene              0  0  0   1  0   3  0  0  0  0  0/0    22:53   3:21   2:21 
Blake Lizotte            0  0  0   0  0   0  0  0  0  0  0/1     0:32   0:01   0:25 
Brayden McNabb           0  0  0  -1  4   1  1  1  0  0  0/0    19:24   2:23   0:37 
Brenden Dillon           0  1  1  -1  0   1  2  0  0  0  0/0    20:42   2:23   1:53 
Brett Connolly           0  0  0   0  0   0  0  0  0  0  0/0    19:10   2:36   0:00 
Carl Soderberg           0  0  0   1  0   1  1  0  0  0  6/11   16:48   0:00   0:44 
Darnell Nurse            0  1  1   1  0   5  4  1  0  0  0/0    22:53   3:21   2:21 
Eric Fehr                0  0  0   0  0   0  0  0  0  0  0/0     0:07   0:01   0:00 
Jaden Schwartz           0  1  1   0  0   6  0  0  0  0  4/4    20:08   2:36   0:58 
James Neal               1  0  1   1  0   1  1  0  0  0  0/0    16:24   0:01   0:25 
Jeff Carter              0  0  0  -1  0   2  3  0  0  0  0/1    17:30   3:07   0:00 
Johnny Gaudreau          0  0  0  -1  2   4  0  0  0  0  0/0    22:37   3:07   2:07 
Joonas Donskoi           0  0  0   1  0   0  0  0  0  0  2/2    15:58   0:00   0:00 
Neal Pionk               0  1  1   0  0   1  0  0  0  0  0/0    16:25   0:00   0:00 
Ryan Johansen            2  0  2   0  0   3  0  0  0  0  16/24  20:08   2:36   0:58 
Teuvo Teravainen         0  0  0  -1  0   5  0  0  0  0  19/32  23:22   3:07   2:51 
Trevor Lewis             0  0  0   0  0   0  0  0  0  0  1/2     3:01   0:00   0:00 

Players Stats for SAN JOSE

Player Name              G  A  P  +/- PIM S  H  SB GA TA FO     MP     PP MP  PK MP  
------------------------------------------------------------------------------------
Alexander Kerfoot        0  0  0  -1  2   2  0  0  0  0  5/11   14:16   0:00   0:00 
Brandon Montour          0  1  1   1  0   2  2  0  0  0  0/0    20:35   2:30   3:09 
Cam Atkinson             2  2  4   1  0   5  0  0  0  0  0/1    16:34   2:05   1:39 
Chris Kreider            1  0  1   1  0   3  2  1  0  0  2/8    24:16   2:05   4:05 
Cody Ceci                0  1  1   2  0   1  1  2  0  0  0/0    24:15   2:30   3:09 
Colin Miller             0  0  0   1  0   0  0  1  0  0  0/0     5:02   0:00   0:00 
David Kampf              0  0  0   0  0   0  0  0  0  0  2/6     8:48   0:00   0:00 
Jesper Fast              0  0  0   0  2   2  0  0  0  0  1/1    17:03   2:09   0:00 
Kevin Hayes              1  1  2   1  0   1  1  0  0  0  11/22  19:00   2:05   4:05 
Niklas Hjalmarsson       0  1  1  -1  0   1  2  4  0  0  0/0    20:49   1:44   2:35 
Rickard Rakell           0  0  0   0  0   3  1  0  0  0  1/3    18:43   2:09   1:39 
Ryan Dzingel             0  0  0   0  0   3  0  0  0  0  7/24   17:04   2:09   0:00 
Ryan Murray              0  2  2  -1  0   1  0  0  0  0  0/0    20:49   1:44   2:35 
Stefan Noesen            0  0  0  -1  2   0  2  0  0  0  0/0    14:16   0:00   0:00 
Tanner Pearson           0  0  0  -1  0   2  2  0  0  0  0/0    14:17   0:00   0:00 
TJ Brodie                0  0  0  -1  0   0  2  2  0  0  0/0    14:56   0:00   0:00 
Will Butcher             0  0  0  -1  0   0  3  0  0  0  0/0    14:56   0:00   0:00 
William Carrier          0  0  0   0  0   0  0  0  0  0  0/1     8:34   0:00   0:00 

3 Stars

1 - Cam Atkinson (SJ )
2 - Kevin Hayes (SJ )
3 - Ryan Johansen (STL)

Power Play

ST.LOUIS - 1 on 3 Attempt(s) - 33.33%
SAN JOSE - 2 on 3 Attempt(s) - 66.67%

Penalty Kill

ST.LOUIS - 1 on 3 Attempt(s) - 33.33% - Score 0 goal in Penalty Kill
SAN JOSE - 2 on 3 Attempt(s) - 66.67% - Score 0 goal in Penalty Kill

Team Stat

ST.LOUIS - Hits : 13 - Faceoff Wins : 48 - Blocked Shots : 3 - Penalty Minutes : 6
SAN JOSE - Hits : 18 - Faceoff Wins : 29 - Blocked Shots : 10 - Penalty Minutes : 6

Official

Referees : Ian Bussieres and Sean MacFarlane
Linesman : Matt Brady and Neil Campbell

Game Notes

No Game Note

Finance

Level 1 -- Attendance: 4004 (66.73%) -- Ticket Income $400,400
Level 2 -- Attendance: 3951 (79.02%) -- Ticket Income $237,060
Level 3 -- Attendance: 1978 (98.90%) -- Ticket Income $69,230
Level 4 -- Attendance: 4000 (100.00%) -- Ticket Income $80,000
Luxury Box -- Attendance: 795 (79.50%) -- Ticket Income $159,000
Game was played at the SAP Center.
Total Attendance: 14728 (81.82%)
Total Ticket Income: $945,690
Total Income: $945,690

ST.LOUIS

5 vs 5 Forward 
   Center                   Left Wing                Right Wing               Time % Phy DF OF 
 1 Teuvo Teravainen         Johnny Gaudreau          Jeff Carter              35     1   2  2  
 2 Ryan Johansen            Jaden Schwartz           Brett Connolly           30     1   2  2  
 3 Carl Soderberg           James Neal               Joonas Donskoi           25     1   2  2  
 4 Trevor Lewis             Teuvo Teravainen         Johnny Gaudreau          10     1   2  2  

5 vs 5 Defense 
   Defense                  Defense                                           Time % Phy DF OF 
 1 Darnell Nurse            Andy Greene                                       35     1   2  2  
 2 Brayden McNabb           Brenden Dillon                                    30     1   2  2  
 3 Neal Pionk               Adam Fox                                          25     1   2  2  
 4 Darnell Nurse            Andy Greene                                       10     1   2  2  

PowerPlay Forward 
   Center                   Left Wing                Right Wing               Time % Phy DF OF 
 1 Teuvo Teravainen         Johnny Gaudreau          Jeff Carter              60     1   2  2  
 2 Ryan Johansen            Jaden Schwartz           Brett Connolly           40     1   2  2  

PowerPlay Defense
   Defense                  Defense                                           Time % Phy DF OF 
 1 Darnell Nurse            Andy Greene                                       60     1   2  2  
 2 Brayden McNabb           Brenden Dillon                                    40     1   2  2  

Penalty Kill 4 Players Forward 
   Center                   Wing                     Time % Phy DF OF 
 1 Teuvo Teravainen         Johnny Gaudreau          60     1   2  2  
 2 Jaden Schwartz           Ryan Johansen            40     1   2  2  

Penalty Kill 4 Players Defense
   Defense                  Defense                  Time % Phy DF OF 
 1 Darnell Nurse            Andy Greene              60     1   2  2  
 2 Brayden McNabb           Brenden Dillon           40     1   2  2  

Penalty Kill - 3 Players Forward 
   Forward                                           Time % Phy DF OF 
 1 Teuvo Teravainen                                  60     1   2  2  
 2 Johnny Gaudreau                                   40     1   2  2  

Penalty Kill - 3 Players Defense
   Defense                  Defense                  Time % Phy DF OF 
 1 Darnell Nurse            Andy Greene              60     1   2  2  
 2 Brayden McNabb           Brenden Dillon           40     1   2  2  

4 vs 4 Forward 
   Center                   Wing                     Time % Phy DF OF 
 1 Teuvo Teravainen         Johnny Gaudreau          60     1   2  2  
 2 Jaden Schwartz           Ryan Johansen            40     1   2  2  

4 vs 4 Defense
   Defense                  Defense                  Time % Phy DF OF 
 1 Darnell Nurse            Andy Greene              60     1   2  2  
 2 Brayden McNabb           Brenden Dillon           40     1   2  2  

Last Minutes Offensive
   Center                   Left Wing                Right Wing               Defense                  Defense                  
   Teuvo Teravainen         Johnny Gaudreau          Jeff Carter              Darnell Nurse            Andy Greene              

Last Minutes Defensive
   Center                   Left Wing                Right Wing               Defense                  Defense                  
   Teuvo Teravainen         Johnny Gaudreau          Jeff Carter              Darnell Nurse            Andy Greene              

Goaltenders
Starting : Semyon Varlamov          
Backup : Elvis Merzlikins         

Extra Forwards
Normal : Blake Lizotte, Eric Fehr, Carl Soderberg - PP : Blake Lizotte, Eric Fehr - PK : Carl Soderberg
Extra Defensemen
Normal : Neal Pionk, Adam Fox, Brayden McNabb - PP : Neal Pionk - PK : Adam Fox, Brayden McNabb
Penalty Shots
Teuvo Teravainen, Johnny Gaudreau, Jaden Schwartz, Ryan Johansen, Jeff Carter

Scratches
STL Cap Hit (Suspend), Nick Ritchie (Healthy)

SAN JOSE

5 vs 5 Forward 
   Center                   Left Wing                Right Wing               Time % Phy DF OF 
 1 Kevin Hayes              Chris Kreider            Cam Atkinson             35     1   2  2  
 2 Ryan Dzingel             Rickard Rakell           Jesper Fast              30     1   2  2  
 3 Alexander Kerfoot        Tanner Pearson           Stefan Noesen            25     1   2  2  
 4 David Kampf              William Carrier          Chris Kreider            10     1   2  2  

5 vs 5 Defense 
   Defense                  Defense                                           Time % Phy DF OF 
 1 Cody Ceci                Brandon Montour                                   35     1   2  2  
 2 Niklas Hjalmarsson       Ryan Murray                                       30     1   2  2  
 3 TJ Brodie                Will Butcher                                      25     1   2  2  
 4 Colin Miller             Cody Ceci                                         10     1   2  2  

PowerPlay Forward 
   Center                   Left Wing                Right Wing               Time % Phy DF OF 
 1 Kevin Hayes              Chris Kreider            Cam Atkinson             60     1   2  2  
 2 Ryan Dzingel             Rickard Rakell           Jesper Fast              40     1   2  2  

PowerPlay Defense
   Defense                  Defense                                           Time % Phy DF OF 
 1 Cody Ceci                Brandon Montour                                   60     1   2  2  
 2 Niklas Hjalmarsson       Ryan Murray                                       40     1   2  2  

Penalty Kill 4 Players Forward 
   Center                   Wing                     Time % Phy DF OF 
 1 Chris Kreider            Kevin Hayes              60     1   2  2  
 2 Rickard Rakell           Cam Atkinson             40     1   2  2  

Penalty Kill 4 Players Defense
   Defense                  Defense                  Time % Phy DF OF 
 1 Cody Ceci                Brandon Montour          60     1   2  2  
 2 Niklas Hjalmarsson       Ryan Murray              40     1   2  2  

Penalty Kill - 3 Players Forward 
   Forward                                           Time % Phy DF OF 
 1 Chris Kreider                                     60     1   2  2  
 2 Kevin Hayes                                       40     1   2  2  

Penalty Kill - 3 Players Defense
   Defense                  Defense                  Time % Phy DF OF 
 1 Cody Ceci                Brandon Montour          60     1   2  2  
 2 Niklas Hjalmarsson       Ryan Murray              40     1   2  2  

4 vs 4 Forward 
   Center                   Wing                     Time % Phy DF OF 
 1 Chris Kreider            Kevin Hayes              60     1   2  2  
 2 Rickard Rakell           Cam Atkinson             40     1   2  2  

4 vs 4 Defense
   Defense                  Defense                  Time % Phy DF OF 
 1 Cody Ceci                Brandon Montour          60     1   2  2  
 2 Niklas Hjalmarsson       Ryan Murray              40     1   2  2  

Last Minutes Offensive
   Center                   Left Wing                Right Wing               Defense                  Defense                  
   Kevin Hayes              Chris Kreider            Cam Atkinson             Cody Ceci                Brandon Montour          

Last Minutes Defensive
   Center                   Left Wing                Right Wing               Defense                  Defense                  
   Kevin Hayes              Chris Kreider            Cam Atkinson             Cody Ceci                Brandon Montour          

Goaltenders
Starting : Jake Allen               
Backup : Edward Pasquale          

Extra Forwards
Normal : Tanner Pearson, Alexander Kerfoot, David Kampf - PP : Tanner Pearson, Alexander Kerfoot - PK : David Kampf
Extra Defensemen
Normal : TJ Brodie, Will Butcher, Colin Miller - PP : TJ Brodie - PK : Will Butcher, Colin Miller
Penalty Shots
Chris Kreider, Kevin Hayes, Rickard Rakell, Cam Atkinson, Tanner Pearson

Scratches
SJ Cap Hit (Suspend), Mikhail Grigorenko (Healthy)

% Time on Ice - ST.LOUIS

Lines # - Real PCT - Wanted PCT - Time Play
Normal Forward
1 - 28% - 35% - 13:49
2 - 34% - 30% - 16:34
3 - 32% - 25% - 15:58
4 - 6% - 10% - 3:01
Normal Defense
1 - 31% - 35% - 15:27
2 - 33% - 30% - 16:26
3 - 33% - 25% - 16:25
4 - 2% - 10% - 1:04
PP Forward
1 - 55% - 60% - 3:08
2 - 45% - 40% - 2:36
PP Defense
1 - 58% - 60% - 3:21
2 - 42% - 40% - 2:23
PK Forward
1 - 77% - 60% - 3:16
2 - 23% - 40% - 0:58
PK Defense
1 - 56% - 60% - 2:21
2 - 44% - 40% - 1:53
PK3 Forward
1 - 0% - 60%
2 - 0% - 40%
PK3 Defense
1 - 0% - 60%
2 - 0% - 40%
44 Forward
1 - 0% - 60%
2 - 0% - 40%
44 Defense
1 - 0% - 60%
2 - 0% - 40%
Last Minute Offensive  - 0:40
Last Minute Defensive  - 0:00
Total
Forward - 60:00
Defense - 60:00

% Time on Ice - SAN JOSE

Lines # - Real PCT - Wanted PCT - Time Play
Normal Forward
1 - 25% - 35% - 12:10
2 - 30% - 30% - 14:55
3 - 29% - 25% - 14:17
4 - 16% - 10% - 8:00
Normal Defense
1 - 26% - 35% - 13:00
2 - 33% - 30% - 16:30
3 - 30% - 25% - 14:50
4 - 10% - 10% - 5:02
PP Forward
1 - 49% - 60% - 2:05
2 - 51% - 40% - 2:09
PP Defense
1 - 59% - 60% - 2:30
2 - 41% - 40% - 1:44
PK Forward
1 - 71% - 60% - 4:05
2 - 29% - 40% - 1:39
PK Defense
1 - 55% - 60% - 3:09
2 - 45% - 40% - 2:35
PK3 Forward
1 - 0% - 60%
2 - 0% - 40%
PK3 Defense
1 - 0% - 60%
2 - 0% - 40%
44 Forward
1 - 0% - 60%
2 - 0% - 40%
44 Defense
1 - 0% - 60%
2 - 0% - 40%
Last Minute Offensive  - 0:00
Last Minute Defensive  - 0:40
Total
Forward - 60:00
Defense - 60:00

Play-by-Play

1st period


0:01 of 1st period - Kevin Hayes wins face-off versus Teuvo Teravainen in neutral zone.
0:15 of 1st period - Shot by Kevin Hayes.
0:15 of 1st period - Deflect By Chris Kreider.
0:15 of 1st period - Stopped by Semyon Varlamov without a rebound.
0:16 of 1st period - Ryan Dzingel wins face-off versus Ryan Johansen in ST.LOUIS zone.
0:20 of 1st period - Minor Penalty to Brayden McNabb for Hooking.
0:21 of 1st period - Kevin Hayes wins face-off versus Teuvo Teravainen in ST.LOUIS zone.
0:22 of 1st period - Shot by Brandon Montour.
0:22 of 1st period - Stopped by Semyon Varlamov without a rebound.
0:23 of 1st period - Teuvo Teravainen wins face-off versus Kevin Hayes in ST.LOUIS zone.
0:23 of 1st period - Teuvo Teravainen is hit by Chris Kreider.
0:33 of 1st period - Adam Fox is hit by Kevin Hayes and loses puck.
0:56 of 1st period - Shot by Cam Atkinson.
0:56 of 1st period - Shot Misses the Net.
0:58 of 1st period - Shot by Cody Ceci.
0:58 of 1st period - Shot Misses the Net.
1:00 of 1st period - Shot by Cody Ceci.
1:00 of 1st period - Shot Misses the Net.
1:25 of 1st period - Shot by Niklas Hjalmarsson.
1:25 of 1st period - Stopped by Semyon Varlamov without a rebound.
1:26 of 1st period - Teuvo Teravainen wins face-off versus Ryan Dzingel in ST.LOUIS zone.
1:47 of 1st period - Shot by Jesper Fast.
1:47 of 1st period - Deflect By Rickard Rakell.
1:47 of 1st period - Stopped by Semyon Varlamov with a rebound.
1:49 of 1st period - Shot by Ryan Murray.
1:49 of 1st period - Stopped by Semyon Varlamov with a rebound.
1:51 of 1st period - Shot by Jesper Fast.
1:51 of 1st period - Stopped by Semyon Varlamov without a rebound.
1:52 of 1st period - Kevin Hayes wins face-off versus Teuvo Teravainen in ST.LOUIS zone.
1:57 of 1st period - Shot by Chris Kreider.
1:57 of 1st period - Shot Misses the Net.
1:59 of 1st period - Shot by Cody Ceci.
1:59 of 1st period - Stopped by Semyon Varlamov with a rebound.
2:01 of 1st period - Shot by Cam Atkinson.
2:01 of 1st period - Stopped by Semyon Varlamov without a rebound.
2:02 of 1st period - Chris Kreider wins face-off versus Teuvo Teravainen in ST.LOUIS zone.
2:05 of 1st period - Shot by Brandon Montour.
2:05 of 1st period - Shot Misses the Net.
2:07 of 1st period - Shot by Cam Atkinson.
2:07 of 1st period - Shot Misses the Net.
2:13 of 1st period - Shot by Kevin Hayes.
2:13 of 1st period - Shot Misses the Net.
2:30 of 1st period - Carl Soderberg is hit by TJ Brodie and loses puck.
3:11 of 1st period - Shot by Ryan Dzingel.
3:11 of 1st period - Stopped by Semyon Varlamov without a rebound.
3:12 of 1st period - Ryan Johansen wins face-off versus Kevin Hayes in ST.LOUIS zone.
3:18 of 1st period - Off-side.
3:19 of 1st period - Teuvo Teravainen wins face-off versus Ryan Dzingel in neutral zone.
3:33 of 1st period - Shot by Jeff Carter.
3:33 of 1st period - Stopped by Jake Allen without a rebound.
3:34 of 1st period - Ryan Johansen wins face-off versus Kevin Hayes in SAN JOSE zone.
3:44 of 1st period - Icing by Cam Atkinson.
3:45 of 1st period - Kevin Hayes wins face-off versus Teuvo Teravainen in SAN JOSE zone.
3:45 of 1st period - Kevin Hayes is hit by Jeff Carter.
4:02 of 1st period - Shot by Chris Kreider.
4:02 of 1st period - Shot Misses the Net.
4:04 of 1st period - Shot by Brandon Montour.
4:04 of 1st period - Stopped by Semyon Varlamov without a rebound.
4:05 of 1st period - Ryan Johansen wins face-off versus Ryan Dzingel in ST.LOUIS zone.
4:22 of 1st period - Shot by Jaden Schwartz.
4:22 of 1st period - Shot Blocked by Niklas Hjalmarsson.
5:00 of 1st period - Brandon Montour is hit by Brenden Dillon and loses puck.
5:21 of 1st period - Shot by Chris Kreider.
5:21 of 1st period - Goal by Chris Kreider - ST.LOUIS : 0 - SAN JOSE : 1.
5:22 of 1st period - Alexander Kerfoot wins face-off versus Teuvo Teravainen in neutral zone.
5:24 of 1st period - Will Butcher is hit by Jeff Carter and loses puck.
5:46 of 1st period - Minor Penalty to Alexander Kerfoot for Holding.
5:47 of 1st period - Teuvo Teravainen wins face-off versus Chris Kreider in SAN JOSE zone.
6:14 of 1st period - Shot by Teuvo Teravainen.
6:14 of 1st period - Shot Misses the Net.
6:28 of 1st period - Shot by Andy Greene.
6:28 of 1st period - Shot Misses the Net.
6:30 of 1st period - Shot by Andy Greene.
6:30 of 1st period - Shot Misses the Net.
6:32 of 1st period - Shot by Andy Greene.
6:32 of 1st period - Shot Misses the Net.
6:34 of 1st period - Shot by Darnell Nurse.
6:34 of 1st period - Shot Misses the Net.
6:36 of 1st period - Shot by Darnell Nurse.
6:36 of 1st period - Stopped by Jake Allen without a rebound.
6:37 of 1st period - Teuvo Teravainen wins face-off versus Rickard Rakell in SAN JOSE zone.
7:40 of 1st period - Shot by Darnell Nurse.
7:40 of 1st period - Shot Misses the Net.
7:56 of 1st period - Shot by Alexander Kerfoot.
7:56 of 1st period - Stopped by Semyon Varlamov without a rebound.
7:57 of 1st period - Joonas Donskoi wins face-off versus Ryan Dzingel in ST.LOUIS zone.
8:13 of 1st period - Rickard Rakell is hit by James Neal and loses puck.
9:18 of 1st period - Shot by Tanner Pearson.
9:18 of 1st period - Stopped by Semyon Varlamov without a rebound.
9:19 of 1st period - Kevin Hayes wins face-off versus Ryan Johansen in ST.LOUIS zone.
9:28 of 1st period - Shot by Chris Kreider.
9:28 of 1st period - Stopped by Semyon Varlamov without a rebound.
9:29 of 1st period - Teuvo Teravainen wins face-off versus David Kampf in ST.LOUIS zone.
9:42 of 1st period - Shot by Andy Greene.
9:42 of 1st period - Stopped by Jake Allen with a rebound.
10:01 of 1st period - Shot by Johnny Gaudreau.
10:01 of 1st period - Shot Blocked by Cody Ceci.
10:03 of 1st period - Shot by Darnell Nurse.
10:03 of 1st period - Stopped by Jake Allen without a rebound.
10:04 of 1st period - Ryan Johansen wins face-off versus Ryan Dzingel in SAN JOSE zone.
10:10 of 1st period - Icing by Niklas Hjalmarsson.
10:11 of 1st period - Ryan Dzingel wins face-off versus Ryan Johansen in SAN JOSE zone.
10:20 of 1st period - Shot by Jesper Fast.
10:20 of 1st period - Stopped by Semyon Varlamov with a rebound.
10:32 of 1st period - Shot by Jesper Fast.
10:32 of 1st period - Deflect By Ryan Dzingel.
10:32 of 1st period - Stopped by Semyon Varlamov without a rebound.
10:33 of 1st period - Kevin Hayes wins face-off versus Teuvo Teravainen in ST.LOUIS zone.
10:41 of 1st period - Icing by Teuvo Teravainen.
10:42 of 1st period - Kevin Hayes wins face-off versus Teuvo Teravainen in ST.LOUIS zone.
10:44 of 1st period - Cam Atkinson is hit by Darnell Nurse and loses puck.
11:07 of 1st period - Shot by Teuvo Teravainen.
11:07 of 1st period - Shot Misses the Net.
11:09 of 1st period - Shot by Teuvo Teravainen.
11:09 of 1st period - Stopped by Jake Allen without a rebound.
11:10 of 1st period - Ryan Johansen wins face-off versus Ryan Dzingel in SAN JOSE zone.
11:18 of 1st period - Ryan Johansen is hit by Niklas Hjalmarsson and loses puck.
11:27 of 1st period - Brett Connolly is hit by Rickard Rakell and loses puck.
11:51 of 1st period - Icing by Brayden McNabb.
11:52 of 1st period - Ryan Johansen wins face-off versus Kevin Hayes in ST.LOUIS zone.
12:14 of 1st period - Shot by Cam Atkinson.
12:14 of 1st period - Stopped by Semyon Varlamov without a rebound.
12:15 of 1st period - Alexander Kerfoot wins face-off versus Teuvo Teravainen in ST.LOUIS zone.
12:15 of 1st period - TJ Brodie is hit by Darnell Nurse and loses puck.
12:17 of 1st period - Minor Penalty to Stefan Noesen for Unsportsmanlike conduct.
12:18 of 1st period - Chris Kreider wins face-off versus Teuvo Teravainen in SAN JOSE zone.
12:35 of 1st period - Shot by Teuvo Teravainen.
12:35 of 1st period - Shot Blocked by Niklas Hjalmarsson.
12:39 of 1st period - Shot by Andy Greene.
12:39 of 1st period - Deflect By Johnny Gaudreau.
12:39 of 1st period - Stopped by Jake Allen with a rebound.
12:41 of 1st period - Shot by Andy Greene.
12:41 of 1st period - Stopped by Jake Allen without a rebound.
12:42 of 1st period - Teuvo Teravainen wins face-off versus Chris Kreider in SAN JOSE zone.
12:45 of 1st period - Shot by Darnell Nurse.
12:45 of 1st period - Shot Misses the Net.
12:58 of 1st period - Icing by Andy Greene.
12:59 of 1st period - Rickard Rakell wins face-off versus Teuvo Teravainen in ST.LOUIS zone.
13:08 of 1st period - Shot by Andy Greene.
13:08 of 1st period - Shot Hit the Post.
14:34 of 1st period - Icing by Will Butcher.
14:35 of 1st period - Alexander Kerfoot wins face-off versus Carl Soderberg in SAN JOSE zone.
15:27 of 1st period - Shot by Teuvo Teravainen.
15:27 of 1st period - Stopped by Jake Allen without a rebound.
15:28 of 1st period - Teuvo Teravainen wins face-off versus David Kampf in SAN JOSE zone.
15:45 of 1st period - Shot by Johnny Gaudreau.
15:45 of 1st period - Stopped by Jake Allen with a rebound.
15:57 of 1st period - Shot by Jeff Carter.
15:57 of 1st period - Stopped by Jake Allen without a rebound.
15:58 of 1st period - Ryan Johansen wins face-off versus Ryan Dzingel in SAN JOSE zone.
15:58 of 1st period - Ryan Johansen is hit by Brandon Montour.
16:25 of 1st period - Minor Penalty to Jesper Fast for Goalie Interference.
16:26 of 1st period - Teuvo Teravainen wins face-off versus Chris Kreider in SAN JOSE zone.
17:25 of 1st period - Shot by Jaden Schwartz.
17:25 of 1st period - Stopped by Jake Allen without a rebound.
17:26 of 1st period - Ryan Johansen wins face-off versus Chris Kreider in SAN JOSE zone.
17:31 of 1st period - Shot by Brayden McNabb.
17:31 of 1st period - Shot Blocked by Niklas Hjalmarsson.
17:33 of 1st period - Shot by Brayden McNabb.
17:33 of 1st period - Deflect By Jaden Schwartz.
17:33 of 1st period - Stopped by Jake Allen without a rebound.
17:34 of 1st period - Jaden Schwartz wins face-off versus Chris Kreider in SAN JOSE zone.
17:35 of 1st period - Shot by Brenden Dillon.
17:35 of 1st period - Deflect By Ryan Johansen.
17:35 of 1st period - Shot Misses the Net.
17:37 of 1st period - Shot by Jaden Schwartz.
17:37 of 1st period - Shot Misses the Net.
17:39 of 1st period - Shot by Brayden McNabb.
17:39 of 1st period - Stopped by Jake Allen without a rebound.
17:40 of 1st period - Ryan Johansen wins face-off versus Chris Kreider in SAN JOSE zone.
18:09 of 1st period - Shot by Jaden Schwartz.
18:09 of 1st period - Shot Misses the Net.
18:11 of 1st period - Shot by Ryan Johansen.
18:11 of 1st period - Goal by Ryan Johansen - ST.LOUIS : 1 - SAN JOSE : 1.
18:12 of 1st period - Teuvo Teravainen wins face-off versus Alexander Kerfoot in neutral zone.
18:25 of 1st period - Shot by Tanner Pearson.
18:25 of 1st period - Stopped by Semyon Varlamov with a rebound.
19:29 of 1st period - Shot by Carl Soderberg.
19:29 of 1st period - Shot Misses the Net.
Goals for this period are 1 for ST.LOUIS vs 1 for SAN JOSE.
Shots for this period are 14 for ST.LOUIS vs 18 for SAN JOSE.

2nd period


0:01 of 2nd period - Teuvo Teravainen wins face-off versus Kevin Hayes in neutral zone.
0:01 of 2nd period - Teuvo Teravainen is hit by Chris Kreider.
0:29 of 2nd period - Minor Penalty to Johnny Gaudreau for Hooking.
0:30 of 2nd period - Ryan Dzingel wins face-off versus Teuvo Teravainen in ST.LOUIS zone.
0:39 of 2nd period - Shot by Rickard Rakell.
0:39 of 2nd period - Shot Blocked by Brayden McNabb.
0:41 of 2nd period - Shot by Rickard Rakell.
0:41 of 2nd period - Stopped by Semyon Varlamov without a rebound.
0:42 of 2nd period - Jesper Fast wins face-off versus Teuvo Teravainen in ST.LOUIS zone.
0:57 of 2nd period - Shot by Brandon Montour.
0:57 of 2nd period - Shot Misses the Net.
0:59 of 2nd period - Shot by Cody Ceci.
0:59 of 2nd period - Shot Misses the Net.
1:13 of 2nd period - Shot by Ryan Dzingel.
1:13 of 2nd period - Stopped by Semyon Varlamov without a rebound.
1:14 of 2nd period - Kevin Hayes wins face-off versus Blake Lizotte in ST.LOUIS zone.
1:38 of 2nd period - Shot by Cam Atkinson.
1:38 of 2nd period - Goal by Cam Atkinson - ST.LOUIS : 1 - SAN JOSE : 2.
1:39 of 2nd period - Ryan Johansen wins face-off versus Alexander Kerfoot in neutral zone.
1:41 of 2nd period - Adam Fox is hit by Will Butcher and loses puck.
1:52 of 2nd period - Shot by Adam Fox.
1:52 of 2nd period - Shot Misses the Net.
2:06 of 2nd period - Shot by Brett Connolly.
2:06 of 2nd period - Shot Misses the Net.
2:11 of 2nd period - Jaden Schwartz is hit by TJ Brodie and loses puck.
2:14 of 2nd period - Shot by Brett Connolly.
2:14 of 2nd period - Shot Misses the Net.
2:16 of 2nd period - Shot by Ryan Johansen.
2:16 of 2nd period - Shot Misses the Net.
2:19 of 2nd period - Jaden Schwartz is hit by Will Butcher and loses puck.
2:30 of 2nd period - Shot by James Neal.
2:30 of 2nd period - Goal by James Neal - ST.LOUIS : 2 - SAN JOSE : 2.
2:31 of 2nd period - Teuvo Teravainen wins face-off versus Kevin Hayes in neutral zone.
2:47 of 2nd period - Shot by Cam Atkinson.
2:47 of 2nd period - Stopped by Semyon Varlamov without a rebound.
2:48 of 2nd period - Ryan Dzingel wins face-off versus Carl Soderberg in ST.LOUIS zone.
3:26 of 2nd period - Icing by Brenden Dillon.
3:27 of 2nd period - Kevin Hayes wins face-off versus Carl Soderberg in ST.LOUIS zone.
3:37 of 2nd period - Icing by Brayden McNabb.
3:38 of 2nd period - Carl Soderberg wins face-off versus Alexander Kerfoot in ST.LOUIS zone.
3:38 of 2nd period - Carl Soderberg is hit by Tanner Pearson.
4:46 of 2nd period - Ryan Johansen is hit by Stefan Noesen and loses puck.
4:57 of 2nd period - Shot by Adam Fox.
4:57 of 2nd period - Stopped by Jake Allen with a rebound.
4:59 of 2nd period - Shot by Neal Pionk.
4:59 of 2nd period - Stopped by Jake Allen with a rebound.
5:01 of 2nd period - Shot by Neal Pionk.
5:01 of 2nd period - Shot Misses the Net.
5:03 of 2nd period - Shot by Adam Fox.
5:03 of 2nd period - Shot Blocked by Colin Miller.
6:41 of 2nd period - Teuvo Teravainen is hit by Niklas Hjalmarsson and loses puck.
6:53 of 2nd period - Icing by Niklas Hjalmarsson.
6:54 of 2nd period - Ryan Johansen wins face-off versus Kevin Hayes in SAN JOSE zone.
7:03 of 2nd period - Shot by Ryan Johansen.
7:03 of 2nd period - Goal by Ryan Johansen - ST.LOUIS : 3 - SAN JOSE : 2.
7:04 of 2nd period - Carl Soderberg wins face-off versus Ryan Dzingel in neutral zone.
7:09 of 2nd period - Shot by Carl Soderberg.
7:09 of 2nd period - Shot Misses the Net.
7:24 of 2nd period - Off-side.
7:25 of 2nd period - Ryan Dzingel wins face-off versus Ryan Johansen in neutral zone.
7:30 of 2nd period - Shot by Cody Ceci.
7:30 of 2nd period - Shot Blocked by Adam Fox.
8:23 of 2nd period - Shot by Alexander Kerfoot.
8:23 of 2nd period - Stopped by Semyon Varlamov without a rebound.
8:24 of 2nd period - David Kampf wins face-off versus Jeff Carter in ST.LOUIS zone.
8:31 of 2nd period - Shot by Chris Kreider.
8:31 of 2nd period - Shot Misses the Net.
8:36 of 2nd period - David Kampf is hit by Darnell Nurse and loses puck.
8:41 of 2nd period - Shot by David Kampf.
8:41 of 2nd period - Shot Misses the Net.
8:43 of 2nd period - Shot by David Kampf.
8:43 of 2nd period - Shot Misses the Net.
11:28 of 2nd period - Neal Pionk is hit by Tanner Pearson and loses puck.
11:42 of 2nd period - Icing by Neal Pionk.
11:43 of 2nd period - Ryan Johansen wins face-off versus David Kampf in ST.LOUIS zone.
12:26 of 2nd period - Shot by Johnny Gaudreau.
12:26 of 2nd period - Shot Misses the Net.
12:38 of 2nd period - Ryan Murray is hit by Jeff Carter and loses puck.
12:58 of 2nd period - Off-side.
12:59 of 2nd period - Carl Soderberg wins face-off versus Ryan Dzingel in neutral zone.
13:23 of 2nd period - Icing by Jesper Fast.
13:24 of 2nd period - Ryan Dzingel wins face-off versus Trevor Lewis in SAN JOSE zone.
13:35 of 2nd period - Shot by Jesper Fast.
13:35 of 2nd period - Shot Misses the Net.
13:41 of 2nd period - Shot by Trevor Lewis.
13:41 of 2nd period - Shot Blocked by TJ Brodie.
13:43 of 2nd period - Shot by Teuvo Teravainen.
13:43 of 2nd period - Stopped by Jake Allen with a rebound.
16:51 of 2nd period - William Carrier is hit by Carl Soderberg and loses puck.
17:35 of 2nd period - Off-side.
17:36 of 2nd period - Jaden Schwartz wins face-off versus Kevin Hayes in neutral zone.
18:59 of 2nd period - Shot by Trevor Lewis.
18:59 of 2nd period - Deflect By Teuvo Teravainen.
18:59 of 2nd period - Stopped by Jake Allen without a rebound.
19:00 of 2nd period - Alexander Kerfoot wins face-off versus Carl Soderberg in SAN JOSE zone.
19:04 of 2nd period - Off-side.
19:05 of 2nd period - Carl Soderberg wins face-off versus Ryan Dzingel in neutral zone.
19:15 of 2nd period - Ryan Dzingel is hit by Brayden McNabb.
Goals for this period are 2 for ST.LOUIS vs 1 for SAN JOSE.
Shots for this period are 6 for ST.LOUIS vs 5 for SAN JOSE.

3rd period


0:01 of 3rd period - Teuvo Teravainen wins face-off versus Kevin Hayes in neutral zone.
0:29 of 3rd period - Shot by Andy Greene.
0:29 of 3rd period - Stopped by Jake Allen without a rebound.
0:30 of 3rd period - Jaden Schwartz wins face-off versus Rickard Rakell in SAN JOSE zone.
0:33 of 3rd period - Shot by Ryan Johansen.
0:33 of 3rd period - Stopped by Jake Allen without a rebound.
0:34 of 3rd period - Ryan Johansen wins face-off versus Ryan Dzingel in SAN JOSE zone.
0:37 of 3rd period - Shot by Jaden Schwartz.
0:37 of 3rd period - Stopped by Jake Allen without a rebound.
0:38 of 3rd period - Jaden Schwartz wins face-off versus Kevin Hayes in SAN JOSE zone.
0:42 of 3rd period - Brett Connolly is hit by Brandon Montour and loses puck.
0:45 of 3rd period - Shot by Jaden Schwartz.
0:45 of 3rd period - Shot Misses the Net.
0:47 of 3rd period - Shot by Brett Connolly.
0:47 of 3rd period - Shot Blocked by Cody Ceci.
0:49 of 3rd period - Shot by Darnell Nurse.
0:49 of 3rd period - Stopped by Jake Allen with a rebound.
1:05 of 3rd period - Shot by Jaden Schwartz.
1:05 of 3rd period - Shot Blocked by Chris Kreider.
1:07 of 3rd period - Shot by Brett Connolly.
1:07 of 3rd period - Shot Misses the Net.
1:09 of 3rd period - Shot by Darnell Nurse.
1:09 of 3rd period - Shot Misses the Net.
1:11 of 3rd period - Shot by Brett Connolly.
1:11 of 3rd period - Shot Misses the Net.
1:13 of 3rd period - Shot by Darnell Nurse.
1:13 of 3rd period - Stopped by Jake Allen without a rebound.
1:14 of 3rd period - Teuvo Teravainen wins face-off versus Ryan Dzingel in SAN JOSE zone.
1:15 of 3rd period - Shot by Johnny Gaudreau.
1:15 of 3rd period - Stopped by Jake Allen without a rebound.
1:16 of 3rd period - Teuvo Teravainen wins face-off versus Ryan Dzingel in SAN JOSE zone.
3:31 of 3rd period - Icing by Neal Pionk.
3:32 of 3rd period - Ryan Johansen wins face-off versus Alexander Kerfoot in ST.LOUIS zone.
3:32 of 3rd period - Ryan Johansen is hit by Stefan Noesen.
3:35 of 3rd period - Icing by Neal Pionk.
3:36 of 3rd period - Alexander Kerfoot wins face-off versus Ryan Johansen in ST.LOUIS zone.
3:47 of 3rd period - Shot by Ryan Johansen.
3:47 of 3rd period - Shot Misses the Net.
3:49 of 3rd period - Shot by Neal Pionk.
3:49 of 3rd period - Shot Blocked by TJ Brodie.
3:51 of 3rd period - Shot by Brett Connolly.
3:51 of 3rd period - Shot Misses the Net.
4:16 of 3rd period - Shot by Johnny Gaudreau.
4:16 of 3rd period - Stopped by Jake Allen with a rebound.
4:56 of 3rd period - Ryan Dzingel is hit by Brenden Dillon and loses puck.
5:47 of 3rd period - Shot by Carl Soderberg.
5:47 of 3rd period - Shot Hit the Post.
6:01 of 3rd period - Shot by Darnell Nurse.
6:01 of 3rd period - Stopped by Jake Allen without a rebound.
6:02 of 3rd period - Ryan Johansen wins face-off versus Alexander Kerfoot in SAN JOSE zone.
7:31 of 3rd period - Shot by Cam Atkinson.
7:31 of 3rd period - Shot Misses the Net.
7:42 of 3rd period - Icing by Adam Fox.
7:43 of 3rd period - David Kampf wins face-off versus Ryan Johansen in ST.LOUIS zone.
7:51 of 3rd period - William Carrier is hit by Adam Fox and loses puck.
9:13 of 3rd period - Shot by Teuvo Teravainen.
9:13 of 3rd period - Shot Misses the Net.
9:15 of 3rd period - Shot by Brenden Dillon.
9:15 of 3rd period - Stopped by Jake Allen without a rebound.
9:16 of 3rd period - Trevor Lewis wins face-off versus Ryan Dzingel in SAN JOSE zone.
9:16 of 3rd period - Johnny Gaudreau is hit by Cody Ceci and loses puck.
11:27 of 3rd period - Shot by Jaden Schwartz.
11:27 of 3rd period - Stopped by Jake Allen without a rebound.
11:28 of 3rd period - Joonas Donskoi wins face-off versus Ryan Dzingel in SAN JOSE zone.
11:44 of 3rd period - Shot by Rickard Rakell.
11:44 of 3rd period - Shot Misses the Net.
11:46 of 3rd period - Shot by Rickard Rakell.
11:46 of 3rd period - Stopped by Semyon Varlamov without a rebound.
11:47 of 3rd period - Teuvo Teravainen wins face-off versus Kevin Hayes in ST.LOUIS zone.
12:08 of 3rd period - Shot by Kevin Hayes.
12:08 of 3rd period - Goal by Kevin Hayes - ST.LOUIS : 3 - SAN JOSE : 3.
12:09 of 3rd period - Ryan Dzingel wins face-off versus Ryan Johansen in neutral zone.
12:17 of 3rd period - Minor Penalty to Brayden McNabb for Hooking.
12:18 of 3rd period - Teuvo Teravainen wins face-off versus Ryan Dzingel in ST.LOUIS zone.
13:05 of 3rd period - Shot by Cam Atkinson.
13:05 of 3rd period - Deflect By Chris Kreider.
13:05 of 3rd period - Shot Misses the Net.
13:07 of 3rd period - Shot by Niklas Hjalmarsson.
13:07 of 3rd period - Shot Misses the Net.
13:09 of 3rd period - Shot by Ryan Murray.
13:09 of 3rd period - Shot Blocked by Darnell Nurse.
13:23 of 3rd period - Shot by Cam Atkinson.
13:23 of 3rd period - Goal by Cam Atkinson - ST.LOUIS : 3 - SAN JOSE : 4.
13:24 of 3rd period - Ryan Johansen wins face-off versus Alexander Kerfoot in neutral zone.
13:29 of 3rd period - Shot by Jaden Schwartz.
13:29 of 3rd period - Shot Misses the Net.
14:19 of 3rd period - Carl Soderberg is hit by Will Butcher and loses puck.
15:07 of 3rd period - Icing by Cam Atkinson.
15:08 of 3rd period - Kevin Hayes wins face-off versus Ryan Johansen in SAN JOSE zone.
15:26 of 3rd period - Kevin Hayes is hit by Darnell Nurse and loses puck.
16:15 of 3rd period - Off-side.
16:16 of 3rd period - Carl Soderberg wins face-off versus William Carrier in neutral zone.
16:18 of 3rd period - Off-side.
16:19 of 3rd period - Carl Soderberg wins face-off versus David Kampf in neutral zone.
17:06 of 3rd period - Shot by Brett Connolly.
17:06 of 3rd period - Shot Blocked by Niklas Hjalmarsson.
17:12 of 3rd period - Shot by Jaden Schwartz.
17:12 of 3rd period - Stopped by Jake Allen with a rebound.
17:16 of 3rd period - Shot by Jaden Schwartz.
17:16 of 3rd period - Stopped by Jake Allen with a rebound.
17:51 of 3rd period - Icing by Jesper Fast.
17:52 of 3rd period - Teuvo Teravainen wins face-off versus Ryan Dzingel in SAN JOSE zone.
19:00 of 3rd period - ST.LOUIS, Semyon Varlamov is pulled from the net.
19:19 of 3rd period - Shot by Carl Soderberg.
19:19 of 3rd period - Stopped by Jake Allen without a rebound.
19:20 of 3rd period - Teuvo Teravainen wins face-off versus Cam Atkinson in SAN JOSE zone.
19:53 of 3rd period - Shot by Teuvo Teravainen.
19:53 of 3rd period - Stopped by Jake Allen without a rebound.
19:54 of 3rd period - Kevin Hayes wins face-off versus Carl Soderberg in SAN JOSE zone.
Goals for this period are 0 for ST.LOUIS vs 2 for SAN JOSE.
Shots for this period are 14 for ST.LOUIS vs 3 for SAN JOSE.